 Dungeon Crawl Stone Soup version 0.31-a0-986-g5e6e4ef867 (webtiles) character file.

Game seed: 10938515713117987539

355 2FriedEggs the Changeling (level 6, -12/38 HPs)
             Began as an Octopode Shapeshifter on Nov 14, 2023.
             Was a Follower of Nemelex Xobeh.
             Mangled by a two-headed ogre
             ... wielding a +0 giant club
              (23 damage)
             ... on level 4 of the Dungeon.
             The game lasted 00:07:54 (3188 turns).

2FriedEggs the Changeling (Octopode Shapeshifter)   Turns: 3188, Time: 00:07:54

Health: -12/38     AC:  1    Str: 15    XL:     6   Next: 63%
Magic:  6/6        EV: 13    Int: 13    God:    Nemelex Xobeh [*.....]
Gold:   335        SH:  0    Dex: 11    Spells: 5/5 levels left

rFire   . .          .
                       - Unarmed
rCold   . . .        (no shield)
rNeg    . . .        (helmet currently unavailable)
rPois   .            (no amulet)
rElec   .            (no ring)
rCorr   .            (no ring)
SInv    .            (no ring)
Will    .....        (no ring)
Stlth   ++           (no ring)
HPRegen 0.26/turn    (no ring)
MPRegen 0.10/turn    (no ring)
                     (no ring)

%: no passive effects
@: beast-form
A: beast (slay +3), almost no armour, amphibious, 8 rings, camouflage 1,
gelatinous body 1, (nimble swimmer 1), tentacles
a: Begin Untransformation, Renounce Religion, Draw Escape, Draw Destruction,
Draw Summoning


You were on level 4 of the Dungeon.
You worshipped Nemelex Xobeh.
Nemelex Xobeh was aware of your devotion.
You were a hulking beast.
You visited 1 branch of the dungeon, and saw 4 of its levels.

You collected 335 gold pieces.

Inventory:

Talismans
 b - a beast talisman
 c - a flux talisman
Scrolls
 e - a scroll of poison
 f - a scroll of fear
 j - 2 scrolls of teleportation {unknown}
 k - a scroll of enchant weapon {unknown}
 l - a scroll of enchant armour {unknown}
 m - a scroll of acquirement {unknown}
 o - a scroll of immolation {unknown}
 p - a scroll of vulnerability {unknown}
 q - a scroll of fog {unknown}
 s - a scroll of identify
Potions
 a - a potion of lignification
 d - a potion of cancellation {unknown}
 g - a potion of invisibility {unknown}
 h - a potion of magic {unknown}
 i - a potion of heal wounds {unknown}
 n - a potion of attraction {unknown}
 r - a potion of resistance {unknown}
 t - a potion of enlightenment {unknown}


   Skills:
 - Level 1.0 Fighting
 - Level 2.0 Dodging
 - Level 3.0 Unarmed Combat
 * Level 6.7 Shapeshifting


You had 5 spell levels left.
You didn't know any spells.
Your spell library contained the following spells:

 Spells                   Type           Power      Damage    Failure   Level
 Shock                    Conj/Air       0%         1d3       30%         1
 Swiftness                Air            0%         N/A       67%         3
 Airstrike                Air            0%         2d(0-16)  97%         4


Dungeon Overview and Level Annotations

Branches:
Dungeon (4/15)
 Temple: D:4-7

Altars:
Dithmenos
Nemelex Xobeh
Vehumet
Xom

Shops:
D:3 =


Innate Abilities, Weirdness & Mutations

You are a hulking beast.
Your limbs bulge with bestial killing power. (Slay +3)
You cannot wear most types of armour.
You are amphibious.
You can wear up to eight rings at the same time.
Your skin changes colour to match your surroundings (Stealth+).
Your rubbery body absorbs attacks. (AC +1, EV +1)
((You are camouflaged when in or above water. (Stealth+)))
You have tentacles for arms and can constrict up to eight enemies at once.


Message History

You are too injured to fight recklessly!
You are too injured to fight recklessly!
You are too injured to fight recklessly!
You tentacle-slap the phantom.
The phantom is severely damaged.
The phantom hits you.
You closely miss the phantom.
The phantom is severely damaged.
You tentacle-slap the phantom. You squeeze the phantom.
You destroy the phantom!
You start resting.
HP restored.
You now have enough gold to buy a maw talisman on D:3, or buy an amulet of regeneration on D:3.
You can access your shopping list by pressing '$'.
You now have 335 gold pieces (gained 18).
A worm comes into view.
A worm is nearby!
A worm is nearby!
A worm is nearby!
The worm bites you!
You tentacle-slap the worm. You grab the worm.
The worm is moderately wounded.
You constrict the worm. You tentacle-slap the worm. You squeeze the worm.
You kill the worm!
No target in view!
A two-headed ogre comes into view.
It is wielding a +0 giant club and a +0 dire flail.
A two-headed ogre is nearby!
A two-headed ogre is nearby!
A two-headed ogre is nearby!
The helpless two-headed ogre fails to defend itself.
You tentacle-slap the two-headed ogre. x2
The two-headed ogre is moderately wounded.
The two-headed ogre hits you with a +0 giant club!!
Ouch! That really hurt!
* * * LOW HITPOINT WARNING * * *
The two-headed ogre hits you with a +0 dire flail!!
Ouch! That really hurt!
You die...
Your body disappears without a glow.

#.# #........# #.#
#.......#. #.#
#.......#. #.#
#....†.#.. #.#
#......#.. #†#
########## #. ##.#
#...###O#.##
##.....h##..#
.....###.#..#
####....##..############
#...................#
###################.#
#.# #.. #.# ###


You could see a two-headed ogre.

Vanquished Creatures
  A phantom (D:4)
  A scorpion (D:4)
  A hound (D:4)
  An iguana (D:4)
  Robin (D:2)
  6 adders
  A worm (D:4)
  2 dart slugs (D:1)
  3 orcs (D:4)
  5 ball pythons (D:1)
  4 endoplasms (D:1)
  3 giant cockroaches
  16 goblins
  16 hobgoblins
  3 jackals (D:4)
  9 kobolds
  2 quokkas
  5 bats
  5 frilled lizards
  4 rats
89 creatures vanquished.

Notes
Turn   | Place    | Note
-------+----------+-------------------------------------------
     0 | D:1      | 2FriedEggs the Octopode Shapeshifter began the quest for
                  | the Orb.
     0 | D:1      | Reached XP level 1. HP: 13/13 MP: 1/1
    40 | D:1      | Reached XP level 2. HP: 16/18 MP: 2/2
   359 | D:1      | Reached XP level 3. HP: 23/23 MP: 3/3
   366 | D:1      | Reached skill level 4 in Shapeshifting
   998 | D:2      | Noticed Robin
  1019 | D:2      | Reached XP level 4. HP: 21/28 MP: 4/4
  1051 | D:2      | Killed Robin
  1840 | D:2      | Reached skill level 5 in Shapeshifting
  2027 | D:3      | Found a radiant altar of Vehumet.
  2030 | D:3      | Found a sparkling altar of Nemelex Xobeh.
  2030 | D:3      | Found a shimmering altar of Xom.
  2066 | D:3      | Found a shadowy altar of Dithmenos.
  2274 | D:3      | Reached XP level 5. HP: 29/33 MP: 5/5
  2360 | D:3      | Found Xeadixuq's Jewellery Shop.
  2508 | D:3      | Found a faded altar of an unknown god.
  2555 | D:3      | Prayed at the altar of an unknown god.
  2555 | D:3      | Became a worshipper of Nemelex Xobeh the Trickster
  2555 | D:3      | Reached * piety under Nemelex Xobeh
  2743 | D:4      | Reached skill level 6 in Shapeshifting
  2743 | D:4      | Reached XP level 6. HP: 27/38 MP: 6/6
  2882 | D:4      | Received a gift from Nemelex Xobeh
  3187 | D:4      | Noticed a two-headed ogre
  3188 | D:4      | Mangled by a two-headed ogre

Illustrated notes

Levels and vault maps discovered:
D:1:      dpeg_arrival_simpleton_b, layout_basic, serial_glass, glass_columns_c,
          glass_columns_b
D:2:      layout_basic, uniq_robin
D:3:      layout_loops_ring, grunt_dithmenos_smoke, grunt_temple_overflow_open,
          serial_shops, nicolae_shop_peninsula,
          dreamdust_ecumenical_altar_angels_and_demons
D:4:      layout_basic, kennysheep_slug_shrine, hangedman_decor_peaks_small,
          minmay_manual_maat

Skill      XL: |  1  2  3  4  5 |
---------------+----------------+-----
Shapeshifting  | 4 5 6 |  6.7
Fighting       | |  1.0
Dodging        | |  2.0
Unarmed Combat | |  3.0

Action                     |  1- 3 |  4- 6 || total
---------------------------+-------+-------++-------
  Melee: Unarmed           |    69 |    89 ||   158
         Constrict         |    19 |    22 ||    41
         Tentacles         |    16 |    17 ||    33
         Punch             |     1 |     2 ||     3
    Use: Scroll            |       |     2 ||     2
   Stab: Sleeping          |     6 |     7 ||    13
 Armour: Skin              |    22 |    41 ||    63
  Dodge: Dodged            |    38 |    41 ||    79

Table legend: (Time is in decaauts)
 A = Elapsed time spent in this place.
 B = Non-inter-level travel time spent in this place.
 C = Inter-level travel time spent in this place.
 D = Time resting spent in this place.
 E = Time spent auto-exploring this place.
 F = Levels seen in this place.
 G = Mean time per level.
                   A        B        C        D        E       F      G
               +--------+--------+--------+--------+--------+-----+--------+
         Total |   3179 |   3082 |     97 |    213 |   2332 |   4 |  794.8 |
       Dungeon |   3179 |   3082 |     97 |    213 |   2332 |   4 |  794.8 |
               +--------+--------+--------+--------+--------+-----+--------+

Top non-repeatable levels by time:
     D:2: 1079 daAuts
     D:1: 879 daAuts
     D:3: 635 daAuts
     D:4: 584 daAuts
